 Dungeon Crawl Stone Soup version 0.29-a0-72-g1732ff48e7 (webtiles) character file.

Game seed: 2054830155380019625

68 siradein the Skirmisher (level 4, -4/40 HPs)
             Began as a Ghoul Fighter on Feb 4, 2022.
             Slain by Crazy Yiuf (17 damage)
             ... on level 2 of the Dungeon.
             The game lasted 00:02:55 (1433 turns).

siradein the Skirmisher (Ghoul Fighter)             Turns: 1433, Time: 00:02:56

Health: -4/40      AC: 10    Str: 19    XL:     4   Next: 19%
Magic:  3/3        EV:  7    Int:  3    God:
Gold:   117        SH:  4    Dex: 10    Spells: 3/3 levels left

rFire   . . .      SeeInvis .   a - +0 long sword
rCold   + . .      Faith    .   c - +0 buckler
rNeg    + + +      Spirit   .   k - +0 chain mail
rPois   ∞          Reflect  .   (no helmet)
rElec   .          Harm     .   (no cloak)
rCorr   .          Rampage  .   b - +0 pair of gloves
Will    .....                   (no boots)
Stlth   ..........              (no amulet)
HPRegen 0.00/turn               (no ring)
MPRegen 0.08/turn               (no ring)

@: inhibited regen
A: claws 1, cold resistance 1, negative energy resistance 3, inhibited
regeneration, torment resistance 2
a: no special abilities


You were on level 2 of the Dungeon.
You visited 1 branch of the dungeon, and saw 2 of its levels.

You collected 117 gold pieces.

Inventory:

Hand Weapons
 a - a +0 long sword (weapon)
Missiles
 j - 5 poisoned darts (quivered)
Armour
 b - a +0 pair of gloves (worn)
 c - a +0 buckler (worn)
 k - a +0 chain mail (worn)
Scrolls
 f - 4 scrolls of identify {unknown}
 g - a scroll of noise {unknown}
 i - a scroll of teleportation {unknown}
 l - 2 scrolls of summoning {unknown}
 m - a scroll of enchant weapon {unknown}
Potions
 d - a potion of might
 e - 3 potions of curing {unknown}
 h - a potion of magic {unknown}
 n - 2 potions of mutation {unknown}


   Skills:
 + Level 3.9 Fighting
 + Level 2.4 Long Blades
 + Level 3.2 Armour
 + Level 3.2 Shields


You had 3 spell levels left.
You didn't know any spells.
Your spell library was empty.

Dungeon Overview and Level Annotations

Branches:
Dungeon (2/15)

Altars:

Annotations:
D:2 Crazy Yiuf


Innate Abilities, Weirdness & Mutations

You thrive by killing the living.
You are immune to poison.
You have sharp fingernails.
Your flesh is cold resistant. (rC+)
You are immune to negative energy. (rN+++)
You do not regenerate when monsters are visible.
You are immune to unholy pain and torment.


Message History

You slash Jessica!
Jessica is almost dead.
Jessica gestures wildly while chanting.
Jessica blinks!
You closely miss Jessica.
Jessica is almost dead.
Jessica closely misses you.
You barely miss Jessica.
Jessica is almost dead.
Jessica shouts, "You are a ghastly nuisance!"
Jessica casts a spell.
Jessica blinks!
You slash Jessica!
You kill Jessica!
You feel better.
You have reached level 4!
Things that are here:
a +0 club; a +0 robe; the human corpse of Jessica
There is an open door here.
You see here 18 stones.
As you open the door, it creaks loudly!
Found a leather armour and 2 bubbling brown potions.
There is an open door here.
n - 2 bubbling brown potions You see here a +0 leather armour.
There is an open door here.
You see here 18 stones.
There is an open door here.
Crazy Yiuf cries, "Whiteboard tea ena!"
Could not explore, unopened runed door.
You open the door. You barely miss Crazy Yiuf.
Crazy Yiuf hits you with a +4 quarterstaff of chaos!
You hit Crazy Yiuf.
Crazy Yiuf is lightly wounded.
Crazy Yiuf hits you but does no damage. x2; You are electrocuted!!
You barely miss Crazy Yiuf.
Crazy Yiuf is lightly wounded.
Crazy Yiuf hits you but does no damage.
You are electrocuted!
You die...

.....#.# .....#.#
.....#.# .....#.#
.....#.#
.....#.########
.....#.##...#.### ###
.....#.......#..##...#
..####...)..####@g...#
######..#..## ###..)#
........#### ###
.#####.## .#..<#.#
.#...#.#######
.#.....#.....#
.#.....'.....#
.##.####.....#


You could see Crazy Yiuf.

Vanquished Creatures
  Jessica (D:2)
  A dart slug (D:1)
  3 ball pythons
  2 bats (D:1)
  5 endoplasms
  2 giant cockroaches
  4 goblins
  2 hobgoblins (D:1)
  4 jackals (D:2)
  2 quokkas
  2 frilled lizards
  3 kobolds (D:1)
  4 rats
35 creatures vanquished.

Notes
Turn   | Place    | Note
-------+----------+-------------------------------------------
     0 | D:1      | siradein the Ghoul Fighter began the quest for the Orb.
     0 | D:1      | Reached XP level 1. HP: 19/19 MP: 0/0
     3 | D:1      | Noticed an electric eel
     4 | D:1      | Noticed an electric eel
   204 | D:1      | Reached XP level 2. HP: 15/26 MP: 1/1
   631 | D:1      | Reached XP level 3. HP: 31/31 MP: 2/2
  1080 | D:2      | Found a faded altar of an unknown god.
  1247 | D:2      | Found a runed translucent door.
  1248 | D:2      | Noticed Crazy Yiuf
  1257 | D:2      | Identified the +8 mace of False Accusations {vorpal, rF+
                  | rN+ rCorr Int+2}
  1333 | D:2      | Noticed Jessica
  1340 | D:2      | Killed Jessica
  1341 | D:2      | Reached XP level 4. HP: 40/40 MP: 3/3
  1433 | D:2      | Slain by Crazy Yiuf

Illustrated notes

Levels and vault maps discovered:
D:1:      arrival_aquarium_b, layout_rooms
D:2:      layout_basic, basic_ecumenical_altar, minmay_domino_2,
          uniq_crazy_yiuf_cottage, uniq_jessica

Skill      XL: |  1  2  3 |
---------------+----------+-----
Long Blades    | 2 |  2.4
Armour         | 3 |  3.2
Shields        | 3 |  3.2
Fighting       | |  3.9

Action                   |  1- 3 |  4- 6 || total
-------------------------+-------+-------++-------
Melee: Long sword        |   110 |     3 ||   113
Armor: Scale mail        |    74 |       ||    74
       Chain mail        |    19 |     3 ||    22
Dodge: Dodged            |    52 |       ||    52
Block: Buckler           |    20 |       ||    20

Table legend: (Time is in decaauts)
 A = Elapsed time spent in this place.
 B = Non-inter-level travel time spent in this place.
 C = Inter-level travel time spent in this place.
 D = Time resting spent in this place.
 E = Time spent auto-exploring this place.
 F = Levels seen in this place.
 G = Mean time per level.
                   A        B        C        D        E       F      G
               +--------+--------+--------+--------+--------+-----+--------+
         Total |   1470 |   1451 |     19 |      0 |   1064 |   2 |  735.0 |
       Dungeon |   1470 |   1451 |     19 |      0 |   1064 |   2 |  735.0 |
               +--------+--------+--------+--------+--------+-----+--------+

Top non-repeatable levels by time:
     D:1: 771 daAuts
     D:2: 699 daAuts
